 Dungeon Crawl Stone Soup version 0.30.0-29-ga12c61a403 (webtiles) character file.

Game seed: 13186135869452730892

3795 BONEBRO the Basher (level 10, -3/77 HPs)
             Began as a Hill Orc Monk on June 15, 2023.
             Was a Priest of Beogh.
             Slain by a hornet (10 damage)
             ... while paralysed by a hornet
             ... on level 8 of the Dungeon.
             The game lasted 00:21:04 (6961 turns).

BONEBRO the Basher (Hill Orc Monk)                  Turns: 6961, Time: 00:21:04

Health: -3/77      AC: 15    Str: 25    XL:     10   Next: 16%
Magic:  10/10      EV:  2    Int: 10    God:    Beogh [***...]
Gold:   341        SH:  0    Dex: 13    Spells: 9/9 levels left

rFire   . . .        q - +2 dire flail (holy)
rCold   . . .        (shield currently unavailable)
rNeg    . . .        C - +0 scale mail
rPois   .            G - +0 helmet
rElec   .            D - +1 cloak
rCorr   .            s - +0 pair of gloves
SInv    .            g - +0 pair of boots
Will    .....        (no amulet) Stlth
                     r - +6 ring of strength
HPRegen 0.32/turn    (no ring)
MPRegen 0.12/turn

%: no passive effects
@: paralysed, lethally poisoned (-3 -> -13), slowed
A: no striking features
a: Renounce Religion, Smiting


You were on level 8 of the Dungeon.
You worshipped Beogh.
Beogh was most pleased with you.
You visited 2 branches of the dungeon, and saw 9 of its levels.

You collected 341 gold pieces.

Inventory:

Hand Weapons
 a - a +0 hand axe
 q - a +2 dire flail of holy wrath (weapon)
 x - a +2 mace of holy wrath
Missiles
 E - 3 boomerangs (quivered)
Armour
 b - a +0 robe
 d - an orb of light
 g - a +0 pair of boots (worn)
 s - a +0 pair of gloves (worn)
 w - a +0 leather armour
 C - a +0 scale mail (worn)
 D - a +1 cloak (worn)
 G - a +0 helmet (worn)
Jewellery
 r - a +6 ring of strength (left hand)
 A - a ring of see invisible
Wands
 y - a wand of iceblast (6)
 F - a wand of flame (26)
 J - a wand of polymorph (7)
Scrolls
 e - a scroll of blinking {unknown}
 h - 2 scrolls of noise
 k - 3 scrolls of enchant weapon {unknown}
 l - 2 scrolls of teleportation {unknown}
 m - 2 scrolls of immolation
 o - 5 scrolls of fear
 p - a scroll of silence {unknown}
 z - a scroll of enchant armour {unknown}
 B - 3 scrolls of identify
 K - a scroll of magic mapping {unknown}
Potions
 c - 2 potions of ambrosia
 f - 7 potions of degeneration
 i - a potion of heal wounds {unknown}
 j - 3 potions of curing
 n - a potion of mutation {unknown}
 t - a potion of invisibility {unknown}
 u - a potion of haste {unknown}
 v - a potion of might {unknown}
 H - 2 potions of flight {unknown}
 I - a potion of lignification {unknown}


   Skills:
 - Level 3.6 Fighting
 - Level 6.7(10.8) Axes
 + Level 11.1(11.6) Maces & Flails
 - Level 10.0 Armour
 - Level 2.4 Dodging


You had 9 spell levels left.
You didn't know any spells.
Your spell library was empty.

Dungeon Overview and Level Annotations

Branches:
Dungeon (8/15)             Temple (1/1) D:5
   Lair: D:8-11

Altars:
Ashenzari
Dithmenos
Elyvilon
Fedhas
Gozag
Hepliaklqana
Kikubaaqudgha
Makhleb
Nemelex Xobeh
Okawaru
Qazlal
Ru
Sif Muna
Trog
Vehumet
Wu Jian
Xom
Yredelemnul
Zin
The Shining One

Shops:
D:3 !   D:4 *


Message History

The hornet stings you but does no damage.
Something hits you. Something shocks you.
You closely miss the hornet.
The hornet is severely wounded.
You feel sick. The hornet stings you.
You are more poisoned.
You feel as though you will be slow longer.
The hornet stings you but does no damage.
Something hits you but does no damage.
You hit the hornet.
The hornet is almost dead.
You feel very sick. The hornet barely misses you. Something hits you.
Something shocks you. The hornet barely misses you.
You miss the hornet.
The hornet is almost dead.
You feel very sick. The hornet stings you.
You feel as though you will be slow longer.
A sky beast appears from thin air!
Reactivating autopickup.
The sky beast hits you. The sky beast shocks you.
You feel better.
The hornet stings you but does no damage.
The sky beast hits you but does no damage.
The hornet stings you!
* * * LOW HITPOINT WARNING * * *
You feel as though you will be slow longer.
The sky beast misses you.
The hornet stings you but does no damage.
The hornet stings you!
* * * LOW HITPOINT WARNING * * *
You are lethally poisoned!
You suddenly lose the ability to move!
You stop ascending the stairs.
The sky beast hits you but does no damage.
The hornet stings you but does no damage.
* * * LOW HITPOINT WARNING * * *
You feel very sick. The hornet stings you!
You die...

## .... ..
...## .# #....
.##... . .#..#
... ...#
#....##..###...
......Y@.......
.....##y.......
... #..##.... .
#..# ... #..# .
.... ..$. .....


You could see a hornet and a sky beast.

Vanquished Creatures
  Pikel (D:7)
  Joseph (D:7)
  A wraith (D:5)
  An orc warrior (D:6)
  2 sky beasts (D:7)
  Duvessa (D:7)
  5 black bears
  3 ice beasts
  4 ogres (D:5)
  2 centaurs
  2 lemures (D:7)
  A gnoll sergeant (D:6)
  2 bullfrogs
  3 scorpions
  4 wights (D:6)
  Dowan (D:7)
  A jelly (D:4)
  2 hounds
  A gnoll bouda (D:6)
  Jessica (D:2)
  A sleepcap (D:5)
  6 iguanas
  2 orc wizards
  3 adders
  11 gnolls
  3 shadow imps
  A white imp (D:6)
  2 worms
  2 dart slugs (D:4)
  12 orcs
  6 endoplasms
  4 giant cockroaches
  8 goblins
  12 hobgoblins
  A jackal (D:2)
  3 kobolds
  4 quokkas
  4 ball pythons
  8 bats
  3 frilled lizards (D:2)
  4 rats
139 creatures vanquished.

Notes
Turn   | Place    | Note
-------+----------+-------------------------------------------
     0 | D:1      | BONEBRO the Hill Orc Monk began the quest for the Orb.
     0 | D:1      | Reached XP level 1. HP: 19/19 MP: 1/1
   143 | D:1      | Reached XP level 2. HP: 26/26 MP: 2/2
   165 | D:1      | Reached skill level 5 in Axes
   501 | D:1      | Reached XP level 3. HP: 31/31 MP: 3/3
   761 | D:2      | Noticed Jessica
   768 | D:2      | Killed Jessica
   769 | D:2      | Reached XP level 4. HP: 33/39 MP: 4/4
  1784 | D:3      | Found Usuevvad's Distillery.
  1794 | D:3      | Reached skill level 1 in Maces & Flails
  2058 | D:3      | Reached skill level 2 in Maces & Flails
  2058 | D:3      | Reached XP level 5. HP: 22/45 MP: 5/5
  2278 | D:4      | Found Fackun's Elemental Accessories.
  2358 | D:4      | Reached skill level 3 in Maces & Flails
  2873 | D:4      | Noticed a black bear
  2924 | D:4      | Killed a black bear
  2925 | D:4      | Reached skill level 4 in Maces & Flails
  2925 | D:4      | Reached XP level 6. HP: 41/51 MP: 6/6
  3126 | D:5      | Entered Level 5 of the Dungeon
  3131 | D:5      | Noticed a black bear
  3141 | D:5      | Killed a black bear
  3142 | D:5      | Reached skill level 5 in Maces & Flails
  3156 | D:5      | Reached skill level 6 in Maces & Flails
  3156 | D:5      | Reached XP level 7. HP: 57/57 MP: 7/7
  3315 | D:5      | Reached skill level 7 in Maces & Flails
  3378 | D:5      | Became a worshipper of Beogh the Brigand
  3378 | D:5      | Reached * piety under Beogh
  3378 | D:5      | Reached ** piety under Beogh
  3549 | D:5      | Reached skill level 8 in Maces & Flails
  3549 | D:5      | Reached XP level 8. HP: 52/64 MP: 8/8
  3782 | D:5      | Found a staircase to the Ecumenical Temple.
  3889 | Temple   | Entered the Ecumenical Temple
  4203 | D:5      | Reached skill level 9 in Maces & Flails
  4233 | D:5      | Reached skill level 1 in Armour
  4345 | D:5      | Noticed a wraith
  4374 | D:5      | Killed a wraith
  4567 | D:5      | Found an ornate altar of the Wu Jian Council.
  4645 | D:6      | Reached skill level 5 in Armour
  4744 | D:6      | Reached XP level 9. HP: 46/70 MP: 9/9
  5633 | D:6      | Found a white marble altar of Elyvilon.
  6007 | D:7      | Reached *** piety under Beogh
  6291 | D:7      | Noticed Joseph
  6310 | D:7      | Killed Joseph
  6311 | D:7      | Reached skill level 10 in Armour
  6422 | D:7      | Noticed Pikel
  6445 | D:7      | Killed Pikel
  6446 | D:7      | Reached skill level 10 in Maces & Flails
  6446 | D:7      | Reached XP level 10. HP: 60/77 MP: 10/10
  6613 | D:7      | Found a sparkling altar of Nemelex Xobeh.
  6614 | D:7      | Noticed Dowan
  6615 | D:7      | Noticed Duvessa
  6630 | D:7      | Killed Dowan
  6632 | D:7      | Killed Duvessa
  6633 | D:7      | Reached skill level 11 in Maces & Flails
  6960 | D:8      | Paralysed by a hornet for 3 turns
  6961 | D:8      | Slain by a hornet

Illustrated notes

Levels and vault maps discovered:
D:1:      minmay_arrival_stair_chambers, layout_rooms, serial_curves,
          eino_curves_01, eino_curves_02, due_unseen_surprise
D:2:      kb_forest_paths, layout_loops_corners, uniq_jessica
D:3:      layout_rooms, serial_shops, shop, mrwooster_statue_mirror
D:4:      layout_basic, kennysheep_path_1, kennysheep_crisscross,
          nicolae_elemental_shop
D:5:      minmay_chambers_of_fours, layout_loops_cross,
          nicolae_wu_jian_immortal_techniques, minmay_temple_entry_grid,
          nicolae_figureground_pulse
D:6:      layout_loops_ring, mainiacjoe_overflow_surrounded_room, st_stairs_2
D:7:      layout_basic, nicolae_overflow_crystal_walls, uniq_joseph,
          uniq_duvessa, uniq_pikel
D:8:      layout_cave_pools, lemuel_crystal_altar, mainiacjoe_overflow_chevrons
Temple:   nicolae_temple_bog_church

Skill      XL: |  1  2  3  4  5  6  7  8  9 10 |
---------------+-------------------------------+-----
Axes           | 5 6 |  6.7
Maces & Flails | 2 4 6 8 9 10 11 | 11.1
Armour         | 6 10 | 10.0
Fighting       | |  3.6
Dodging        | |  2.4

Action                     |  1- 3 |  4- 6 |  7- 9 | 10-12 || total
---------------------------+-------+-------+-------+-------++-------
  Melee: Hand axe          |    77 |    27 |       |       ||   104
         Dire flail        |       |   102 |   278 |    36 ||   416
 Invoke: Convert to Beogh  |       |       |     1 |       ||     1
    Use: Scroll            |       |     5 |       |       ||     5
         Potion            |       |       |       |     1 ||     1
   Stab: Sleeping          |       |     1 |       |       ||     1
 Armour: Robe              |    28 |    25 |       |       ||    53
         Leather armour    |       |    15 |    12 |       ||    27
         Scale mail        |       |       |    67 |    25 ||    92
  Dodge: Dodged            |    49 |    86 |   129 |    13 ||   277
